 Dungeon Crawl Stone Soup version 0.20-a0-350-ga83eecc (webtiles) character file.

1002 Duffy the Magician (level 8, 15/52 HPs)
             Began as a Mummy Fire Elementalist on Dec 23, 2016.
             Was an Initiate of Vehumet.
             Quit the game on level 6 of the Dungeon.
             The game lasted 00:08:25 (6748 turns).

Duffy the Magician (Mummy Fire Elementalist)        Turns: 6748, Time: 00:08:26

Health: 15/52      AC: 11    Str: 11    XL:     8   Next: 0%
Magic:  16/16      EV: 12    Int: 20    God:    Vehumet [......]
Gold:   399        SH:  0    Dex: 13    Spells: 10/18 levels left

rFire  x . .     SeeInvis .     r - +1 mace (protect)
rCold  + . .     Gourm    .     a - +0 robe
rNeg   + + +     Faith    .     (no shield)
rPois  ∞         Spirit   .     (no helmet)
rElec  .         Reflect  .     d - +0 cloak
rCorr  .         Harm     .     o - +0 pair of gloves (curse)
MR     ++...                    (no boots)
Stlth  ++........               (no amulet)
                                i - +4 ring of intelligence
                                s - ring of protection from magic

@: protection aura
A: no food or potions, fire vulnerability, cold resistance 1, negative energy
resistance 3, torment resistance, unbreathing
a: Renounce Religion


You were on level 6 of the Dungeon.
You worshipped Vehumet.
Vehumet was noncommittal.
You were not hungry.

You visited 1 branch of the dungeon, and saw 6 of its levels.

You collected 399 gold pieces.

Inventory:

Hand Weapons
 r - a +1 mace of protection (weapon)
Armour
 a - a +0 robe (worn)
 d - a +0 cloak (worn)
 j - a +0 shield
 o - a cursed +0 pair of gloves (worn)
Jewellery
 e - an uncursed ring of protection from fire
 i - a +4 ring of intelligence (right hand)
 s - a ring of protection from magic (left hand)
Wands
 k - a wand of flame (27/48)
Scrolls
 c - a scroll of fog {unknown}
 f - 5 scrolls of remove curse
 g - 3 scrolls of teleportation {unknown}
 h - 2 scrolls of identify {unknown}
 l - a scroll of blinking {unknown}
 m - a scroll of amnesia {unknown}
 q - a scroll of enchant armour {unknown}
 t - a scroll of recharging {unknown}
 u - a scroll of magic mapping {unknown}
Books
 b - a book of Flames

   Spells                             Type                      Level
   a - Flame Tongue                   Conjuration/Fire             1
   b - Throw Flame                    Conjuration/Fire             2
   c - Conjure Flame                  Conjuration/Fire             3
   d - Inner Flame                    Hexes/Fire                   3
   e - Sticky Flame                   Conjuration/Fire             4
   f - Fireball                       Conjuration/Fire             5
 n - a book of Callings

   Spells                             Type                      Level
   a - Summon Small Mammal            Summoning                    1
   b - Call Imp                       Summoning                    2
   c - Call Canine Familiar           Summoning                    3
   d - Summon Guardian Golem          Hexes/Summoning              3
   e - Summon Lightning Spire         Summoning/Air                4
   f - Summon Ice Beast               Ice/Summoning                4
 p - a book of Minor Magic

   Spells                             Type                      Level
   a - Magic Dart                     Conjuration                  1
   b - Blink                          Translocation                2
   c - Call Imp                       Summoning                    2
   d - Repel Missiles                 Charms/Air                   2
   e - Slow                           Hexes                        2
   f - Conjure Flame                  Conjuration/Fire             3
   g - Mephitic Cloud                 Conjuration/Poison/Air       3


   Skills:
 - Level 1.5 Dodging
 - Level 1.5 Stealth
 + Level 5.9 Spellcasting
 * Level 5.0 Conjurations
 * Level 5.0 Fire Magic


You had 10 spell levels left.
You knew the following spells:

 Your Spells              Type           Power        Failure   Level  Hunger
a - Flame Tongue          Conj/Fire      ####.        1%          1    N/A
j - Sticky Flame          Conj/Fire      ####....     14%         4    N/A
l - Conjure Flame         Conj/Fire      ####....     4%          3    N/A

Dungeon Overview and Level Annotations

Branches:
Dungeon (6/15)
 Temple: D:4-7

Altars:
Qazlal
Uskayaw
Vehumet


Innate Abilities, Weirdness & Mutations

You do not eat or drink.
Your flesh is vulnerable to fire.
You are immune to poison.
Your flesh is cold resistant. (rC+)
You are immune to negative energy. (rN+++)
You are immune to unholy pain and torment.
You can survive without breathing.


Message History

The orc priest is lightly wounded.
The orc priest closely misses you.
The orc moves out of view.
The orc priest invokes the aid of Beogh against you.
Beogh smites you!
An orc comes into view. It is wielding a hand axe.
The orc shouts! x2
You hit the orc priest but do no damage.
The orc priest is lightly wounded.
The orc priest hits you but does no damage.
You closely miss the orc priest.
The orc priest is lightly wounded.
The orc priest misses you.
The crimson imp blinks!
You hit the orc priest.
The orc priest is moderately wounded.
The crimson imp disappears for a moment.
The crimson imp blinks!
The orc priest hits you but does no damage.
The orc priest mumbles some strange prayers to Beogh against you.
Beogh smites you!
Are you sure you want to abandon this character and quit the game? (Confirm with "yes".)

.#.#....# #........# ####......
.#.#....# #........######.....#
.#.#....#####........#..........#
.#.#.................#.####.....#
.#.#....#####..5.....#.#.........
.#.#....# #...o....#..%........
.#.#....# #...o.0..#......####.
.#.#.#.######...o....#......# #.
.#.#.#.#........@o..###.....# #.
.#...#.#.#####......# #.....# #.
.#.#...#.# #......# #.....# #.
.#.%...#.#####......# #####.# #.
....)#.#.........<..# #.# #.
####.#.#######......##### #.# #.
........................# #.# #)
..##.#.#######..........# #.# #.
.....#.# #..........# #.# #.


You could see 2 orc priests, a crimson imp and 2 orcs.

Vanquished Creatures
  2 phantoms (D:4)
  An ice beast (D:5)
  An ogre (D:4)
  A centaur (D:6)
  3 scorpions
  A bullfrog zombie (D:5)
  A crimson imp (D:5)
  A gnoll shaman (D:5)
  A hound (D:6)
  A jelly (D:5)
  A bullfrog skeleton (D:6)
  A killer bee zombie (D:6)
  A hound skeleton (D:6)
  A howler monkey zombie (D:5)
  3 gnolls (D:5)
  4 adders
  A shadow imp (D:5)
  An ooze (D:1)
  2 worms
  A dart slug (D:2)
  7 leopard geckos
  8 orcs
  5 bats
  2 giant cockroaches
  14 goblins
  9 hobgoblins
  5 quokkas (D:3)
  3 ball pythons
  7 frilled lizards
  A jackal skeleton (D:6)
  10 kobolds
  A leopard gecko skeleton (D:4)
  A quokka zombie (D:6)
  6 rats
108 creatures vanquished.

Notes
Turn   | Place    | Note
-------+----------+-------------------------------------------
     0 | D:1      | Duffy the Mummy Fire Elementalist began the quest for the Orb.
     0 | D:1      | Reached XP level 1. HP: 13/13 MP: 4/4
   137 | D:1      | Reached skill level 3 in Spellcasting
   137 | D:1      | Reached skill level 1 in Conjurations
   351 | D:1      | Reached XP level 2. HP: 19/19 MP: 4/6
   943 | D:1      | Reached XP level 3. HP: 24/24 MP: 0/8
  1097 | D:1      | Learned a level 3 spell: Conjure Flame
  1433 | D:2      | Reached skill level 2 in Conjurations
  1847 | D:2      | Found a stormy altar of Qazlal.
  2248 | D:3      | Reached skill level 4 in Spellcasting
  2339 | D:3      | Reached XP level 4. HP: 30/30 MP: 7/10
  2349 | D:3      | Learned a level 4 spell: Sticky Flame
  3521 | D:4      | Found a radiant altar of Vehumet.
  3532 | D:4      | Became a worshipper of Vehumet
  3584 | D:4      | Noticed a phantom
  3711 | D:4      | Killed a phantom
  3711 | D:4      | Reached skill level 3 in Conjurations
  3711 | D:4      | Reached skill level 3 in Fire Magic
  3711 | D:4      | Reached XP level 5. HP: 21/35 MP: 2/11
  3889 | D:4      | Noticed a phantom
  3909 | D:4      | Killed a phantom
  3909 | D:4      | Reached XP level 6. HP: 39/41 MP: 4/13
  4307 | D:5      | Entered Level 5 of the Dungeon
  4320 | D:5      | Found a hide-covered altar of Uskayaw.
  4322 | D:5      | Noticed a dagger
  4323 | D:5      | Noticed a dagger
  4686 | D:5      | Reached skill level 4 in Conjurations
  4728 | D:5      | Noticed an ice beast
  4760 | D:5      | Killed an ice beast
  4760 | D:5      | Reached skill level 5 in Spellcasting
  4760 | D:5      | Reached skill level 4 in Fire Magic
  4760 | D:5      | Reached XP level 7. HP: 46/46 MP: 0/14
  6420 | D:6      | Reached skill level 5 in Conjurations
  6420 | D:6      | Reached skill level 5 in Fire Magic
  6436 | D:6      | Reached XP level 8. HP: 37/52 MP: 0/16
  6748 | D:6      | Quit the game

Vault maps used:
D:1:      lightli_arrival_flooded_house
D:2:      lemuel_round_altar
D:3:      first_bread, guppyfry_early_orc_mine
D:4:      lemuel_doored_altar
D:5:      dancing_weapons_uskayaw, minmay_shop_grid_forest
D:6:      kennysheep_boxes

Skill      XL: |  1  2  3  4  5  6  7 |
---------------+----------------------+-----
Spellcasting   | 3 4 5 |  5.9
Conjurations   | 1 2 3 4 5 |  5.0
Fire Magic     | 3 4 5 |  5.0
Dodging        | |  1.5
Stealth        | |  1.5

Action                   |  1- 3 |  4- 6 |  7- 9 || total
-------------------------+-------+-------+-------++-------
Melee: Unarmed           |       |     7 |     2 ||     9
       Mace              |       |       |    59 ||    59
 Cast: Flame Tongue      |    90 |   108 |    55 ||   253
       Conjure Flame     |       |     4 |     5 ||     9
       Sticky Flame      |       |       |     4 ||     4
  Use: Scroll            |       |     1 |       ||     1
Armor: Robe              |     9 |     5 |    23 ||    37
Dodge: Dodged            |    29 |    24 |    51 ||   104
